 Dungeon Crawl Stone Soup version 0.29.1-12-g30fa7ad0bf (webtiles) character file.

Game seed: 11790901734635438584

391 tkbsonic5 the Grave Robber (level 6, -6/51 HPs)
             Began as a Hill Orc Necromancer on Jan 14, 2023.
             Was a Follower of Beogh.
             Mangled by an ogre
             ... wielding a +0 giant club
              (24 damage)
             ... on level 5 of the Dungeon.
             The game lasted 00:15:32 (3481 turns).

tkbsonic5 the Grave Robber (Hill Orc Necromancer)   Turns: 3481, Time: 00:15:33

Health: -6/51      AC:  6    Str: 11    XL:     6   Next: 80%
Magic:  9/18       EV: 10    Int: 17    God:    Beogh [*.....]
Gold:   122        SH:  0    Dex: 11    Spells: 5/9 levels left

rFire   . . .      SeeInvis .   c - +0 flail
rCold   . . .      Faith    .   (no shield)
rNeg    . . .      Spirit   .   o - +1 ring mail
rPois   +          Reflect  .   (no helmet)
rElec   .          Harm     .   (no cloak)
rCorr   .          Rampage  .   (no gloves)
Will    .....                   (no boots)
Stlth   +.........              (no amulet)
HPRegen 0.17/turn               y - ring of magical power
MPRegen 0.16/turn               l - ring of poison resistance

@: mighty, lethally poisoned (-6 -> -13)
A: no striking features
a: Renounce Religion


You were on level 5 of the Dungeon.
You worshipped Beogh.
Beogh was aware of your devotion.
You visited 1 branch of the dungeon, and saw 5 of its levels.

You collected 122 gold pieces.

Inventory:

Hand Weapons
 c - a +0 flail (weapon)
 e - a +0 whip
 g - a +1 dagger of draining
 t - a +0 sling
 x - a +2 dagger of draining
Missiles
 r - 9 boomerangs
 v - 3 poisoned darts
Armour
 a - a +0 robe
 f - a +0 leather armour
 i - a +0 chain mail
 o - a +1 ring mail (worn)
 w - a +0 chain mail
Jewellery
 h - a ring of see invisible
 l - a ring of poison resistance (right hand)
 y - a ring of magical power (left hand)
Scrolls
 b - a scroll of poison {unknown}
 j - a scroll of enchant weapon {unknown}
 k - a scroll of torment {unknown}
 n - a scroll of teleportation {unknown}
 u - a scroll of vulnerability {unknown}
Potions
 d - a potion of cancellation {unknown}
 m - a potion of might
 q - 2 potions of flight {unknown}
 s - a potion of brilliance {unknown}


   Skills:
 + Level 3.2 Fighting
 + Level 1.0(2.1) Axes
 + Level 2.4(2.5) Maces & Flails
 + Level 2.7 Armour
 - Level 1.5 Dodging
 - Level 1.5 Stealth
 * Level 2.2 Spellcasting
 * Level 5.0 Necromancy
 + Level 2.4 Invocations
 - Level 1.3 Evocations


You had 5 spell levels left.
You knew the following spells:

 Your Spells              Type           Power      Damage    Failure   Level
a - Necrotise             Necr           72%        1d7       5%          1
b - Vampiric Draining     Necr           18%        2d7       16%         3

Your spell library contained the following spells:

 Spells                   Type           Power      Damage    Failure   Level
 Animate Dead             Necr           18%        N/A       47%         4
 Agony                    Necr           18%        N/A       83%         5


Dungeon Overview and Level Annotations

Branches:
Dungeon (5/15)
 Temple: D:4-7

Altars:

Shops:
D:4 *


Message History

Okay, then.
Okay, then.
Okay, then.
An adder comes into view.
The adder hisses angrily.
The ogre shouts!
It was a potion of might.
You feel very mighty all of a sudden.
Casting: Vampiric Draining (dangerous; 16% risk of failure)
Confirm with . or Enter, or press ? or * to list all spells.
Aiming: Necrotise (safe; 5% risk of failure)
Press: ? - help, Shift-Dir - straight line, f - ogre
Aim: an ogre, wielding a +0 giant club (chance to affect: 76%)
The ogre writhes in agony.
Casting: Necrotise (safe; 5% risk of failure)
Confirm with . or Enter, or press ? or * to list all spells.
Aiming: Necrotise (safe; 5% risk of failure)
Press: ? - help, Shift-Dir - straight line, f/p - ogre
Aim: an ogre, wielding a +0 giant club (moderately wounded, chance to affect: 76%)
The ogre writhes in agony.
A centaur comes into view.
As you read the scroll labelled REIZ GYCYTURU, it crumbles to dust.
It is a scroll of enchant armour.
Your +0 ring mail glows green for a moment.
The adder barely misses you.
The ogre hits you with a +0 giant club!!
Ouch! That really hurt!
The adder bites you but does no damage.
The centaur wields a +0 shortbow.
The centaur shoots an arrow.
The arrow hits you. The adder closely misses you.
The centaur shoots an arrow.
The arrow hits you. The adder bites you but does no damage.
The adder attacks as you move away! The adder misses you.
The centaur unwields a +0 shortbow.
The centaur hits you but does no damage.
The centaur misses you.
There is a stone staircase leading up here.
The centaur misses you. The centaur barely misses you. The adder bites you.
You are poisoned.
The adder poisons you!
The ogre hits you with a +0 giant club!!
You die...

### ##.##
#. ##...##
#.#
#.....##
#).#cO....#
#..@S....#
##......##
##.....#
#....##
###..# ####


You could see an ogre, a centaur and an adder.

Vanquished Creatures
  A black bear (D:4)
  A scorpion (D:4)
  A howler monkey (D:5)
  An orc priest (D:4)
  An iguana (D:4)
  An orc wizard (D:4)
  2 adders (D:2)
  5 gnolls
  A worm (D:4)
  7 orcs
  4 endoplasms
  6 goblins
  5 hobgoblins
  6 kobolds
  2 quokkas
  8 ball pythons
  4 bats
  3 frilled lizards
  5 rats
64 creatures vanquished.

Vanquished Creatures (collateral kills)
  A kobold (D:1)
1 creature vanquished.

Vanquished Creatures (others)
  An orc (D:3)
  A withered plant (D:1)
2 creatures vanquished.

Grand Total: 67 creatures vanquished

Notes
Turn   | Place    | Note
-------+----------+-------------------------------------------
     0 | D:1      | tkbsonic5 the Hill Orc Necromancer began the quest for the
                  | Orb.
     0 | D:1      | Reached XP level 1. HP: 14/14 MP: 3/3
    35 | D:1      | Found a faded altar of an unknown god.
   241 | D:1      | Reached XP level 2. HP: 22/22 MP: 0/4
   319 | D:1      | Reached skill level 1 in Fighting
   319 | D:1      | Reached skill level 1 in Armour
   603 | D:1      | Reached XP level 3. HP: 28/28 MP: 1/5
   782 | D:1      | Learned a level 3 spell: Vampiric Draining
  1307 | D:2      | Reached skill level 1 in Maces & Flails
  1420 | D:2      | You fall into a shaft and drop 1 floor!
  1427 | D:3      | Became a worshipper of Beogh the Brigand
  1633 | D:2      | Reached XP level 4. HP: 28/36 MP: 3/6
  2184 | D:4      | Noticed a scorpion
  2192 | D:4      | Killed a scorpion
  2193 | D:4      | Reached skill level 1 in Invocations
  2193 | D:4      | Reached XP level 5. HP: 29/42 MP: 0/7
  2194 | D:4      | Noticed a black bear
  2200 | D:4      | Killed a black bear
  2363 | D:4      | Reached skill level 1 in Evocations
  2363 | D:4      | Reached XP level 6. HP: 39/50 MP: 1/9
  2735 | D:4      | Found Oxeokhop's General Store.
  3019 | D:4      | Reached * piety under Beogh
  3413 | D:5      | Entered Level 5 of the Dungeon
  3417 | D:5      | Reached skill level 1 in Axes
  3417 | D:5      | Reached skill level 5 in Necromancy
  3481 | D:5      | Mangled by an ogre

Illustrated notes

Levels and vault maps discovered:
D:1:      minmay_arrival_cross, layout_basic, shapermc_ecumenical_altar_gd,
          serial_bayou_pond_b
D:2:      layout_rooms, minmay_crystal_room,
          wander_ebering_terrifying_dragon_lair
D:3:      layout_basic, gammafunk_ghost_abyssal_escape
D:4:      layout_loops_ring, nicolae_take_the_stairs
D:5:      layout_cave_pods, elyvilon_altar_1, chequers_decorated_corner,
          uniq_edmund

Skill      XL: |  1  2  3  4  5  6 |
---------------+-------------------+-----
Fighting       | 1 2 3 |  3.2
Armour         | 1 2 |  2.7
Maces & Flails | 1 2 |  2.4
Invocations    | 1 2 |  2.4
Spellcasting   | 2 |  2.2
Evocations     | 1 |  1.3
Axes           | 1 |  1.0
Necromancy     | 5 |  5.0
Dodging        | |  1.5
Stealth        | |  1.5

Action                   |  1- 3 |  4- 6 || total
-------------------------+-------+-------++-------
Melee: Whip              |     4 |       ||     4
       Dagger            |     3 |       ||     3
       Flail             |    12 |    17 ||    29
 Fire: Sling             |       |     2 ||     2
 Cast: Necrotise         |    59 |    49 ||   108
       Vampiric Draining |       |     9 ||     9
Invok: Convert to Beogh  |     1 |       ||     1
Evoke: Wand              |       |     8 ||     8
  Use: Scroll            |     2 |     1 ||     3
       Potion            |     2 |     1 ||     3
Armor: Robe              |     1 |       ||     1
       Ring mail         |     5 |    10 ||    15
       Leather armour    |     2 |       ||     2
Dodge: Dodged            |    18 |    19 ||    37
